 Dungeon Crawl Stone Soup version 0.29-a0-422-gafbd6decc1 (webtiles) character file.

Game seed: 1156809703745786760

28 xian the Skirmisher (level 3, -5/40 HPs)
             Began as an Ogre Chaos Knight on May 19, 2022.
             Was a Plaything of Xom.
             Slain by a gnoll shaman
             ... wielding a +0 whip
              (6 damage)
             ... on level 2 of the Dungeon.
             The game lasted 00:03:12 (1265 turns).

xian the Skirmisher (Ogre Chaos Knight)             Turns: 1265, Time: 00:03:13

Health: -5/40      AC:  5    Str: 18    XL:     3   Next: 12%
Magic:  3/3        EV: 10    Int: 13    God:    Xom [..*...]
Gold:   98         SH:  0    Dex:  8    Spells: 2/2 levels left

rFire   . . .      SeeInvis .   a - +0 spear (chaos)
rCold   . . .      Faith    .   (no shield)
rNeg    . . .      Spirit   .   b - +2 robe
rPois   .          Reflect  .   (helmet restricted)
rElec   .          Harm     .   (no cloak)
rCorr   .          Rampage  .   (gloves unavailable)
Will    .....                   (boots unavailable)
Stlth   +.........              (no amulet)
HPRegen 0.13/turn               (no ring)
MPRegen 0.08/turn               (no ring)

@: no status effects
A: large, unfitting armour, tough skin 1
a: Renounce Religion


You were on level 2 of the Dungeon.
You worshipped Xom.
You were a toy of Xom.
You visited 1 branch of the dungeon, and saw 2 of its levels.

You collected 98 gold pieces.

Inventory:

Hand Weapons
 a - a +0 spear of chaos (weapon)
 k - a +0 hunting sling
Armour
 b - a +2 robe (worn)
Potions
 g - a potion of degeneration {unknown}
 h - a potion of brilliance
 i - a potion of mutation {unknown}
 l - a potion of flight {unknown}
Miscellaneous
 c - a piece from Xom's chessboard (11/15) (quivered)


   Skills:
 + Level 4.5 Fighting
 + Level 3.5 Polearms
 + Level 0.2 Slings
 + Level 2.4 Dodging


You had 2 spell levels left.
You didn't know any spells.
Your spell library was empty.

Dungeon Overview and Level Annotations

Branches:
Dungeon (2/15)

Altars:

Shops:
D:1 [


Innate Abilities, Weirdness & Mutations

You are too large for most types of armour.
You have tough skin. (AC +1)


Message History

You tear a large gash into the net.
You struggle against the net.
The gnoll shaman hits you with a +0 whip.
You rip the net and break free!
The gnoll shaman hits you with a +0 whip.
The gnoll shaman attacks as you move away!
The gnoll shaman hits you with a +0 whip.
The gnoll shaman attacks as you move away!
The gnoll shaman misses you.
Your +0 spear of chaos is briefly surrounded by a scintillating aura of random colours.
a - a +0 spear of chaos (weapon)
You make a move on Xom's chessboard...
The gnoll appears confused.
The gnoll hits you with a +0 whip.
The gnoll shaman hits you with a +0 whip!
A shower of butterflies erupts from you!
Unknown command.
You barely miss the gnoll. You hit the gnoll.
The gnoll is moderately wounded.
The gnoll hits you with a +0 whip.
* * * LOW HITPOINT WARNING * * *
The gnoll shaman calls upon its god to heal the gnoll.
The gnoll's wounds heal themselves!
The gnoll hits the gnoll with a +0 whip.
You barely miss the gnoll.
The gnoll is lightly wounded.
The gnoll closely misses the gnoll.
The gnoll shaman hits you with a +0 whip!
* * * LOW HITPOINT WARNING * * *
The gnoll shaman misses you. The gnoll hits you with a +0 whip.
* * * LOW HITPOINT WARNING * * *
You hit the gnoll but do no damage. Lightning courses through the gnoll!
The gnoll is severely wounded. "Heh heh heh..."
The gnoll shaman looks rather confused.
The gnoll looks rather confused.
The gnoll looks rather more confused.
The gnoll seems less confused.
The gnoll shaman chortles and stares into space.
The gnoll shaman hits you with a +0 whip.
You die...
Xom chortles!

# ##.#. #######
..<...###g....###
......gg@.bb.....
##...####g..b....
#. #..b..##.
#...b.# ##...##
.#... ...##. #.##


You could see a gnoll shaman (confused, ally target) and 3 gnolls.

Vanquished Creatures
  A dart slug (D:1)
  A giant cockroach (D:1)
  3 goblins (D:1)
  5 hobgoblins (D:1)
  4 jackals (D:1)
  A quokka (D:1)
  2 ball pythons (D:1)
  2 frilled lizards (D:1)
  2 kobolds (D:1)
  A rat (D:1)
22 creatures vanquished.

Notes
Turn   | Place    | Note
-------+----------+-------------------------------------------
     0 | D:1      | xian the Ogre Chaos Knight began the quest for the Orb.
     0 | D:1      | Reached XP level 1. HP: 24/24 MP: 1/1
   372 | D:1      | Reached XP level 2. HP: 32/32 MP: 2/2
   510 | D:1      | XOM: divination: detect creatures
   795 | D:1      | Found Paodao's Armour Emporium.
   798 | D:1      | XOM: divination: magic mapping
   839 | D:1      | Reached XP level 3. HP: 40/40 MP: 3/3
  1005 | D:1      | Found a faded altar of an unknown god.
  1260 | D:2      | XOM: butterfly on damage
  1263 | D:2      | HP: 1/40 [gnoll shaman/+0 whip (11)]
  1265 | D:2      | XOM: confuse monster(s)
  1265 | D:2      | Slain by a gnoll shaman

Illustrated notes

Levels and vault maps discovered:
D:1:      saegor_arrival_simple_b, layout_loops_cross,
          ebering_ecumenical_altar_webs, serial_shops,
          nicolae_shop_behind_doors, dreamdust_wishing_well
D:2:      layout_loops_ring, basic_altar

Action                   || total
-------------------------++-------
Melee: Spear             ||    72
       Punch             ||     2
 Fire: Hunting sling     ||    17
Evoke: Piece from Xom's  ||     5
  Use: Scroll            ||     6
Armor: Robe              ||    25
Dodge: Dodged            ||    41

Table legend: (Time is in decaauts)
 A = Elapsed time spent in this place.
 B = Non-inter-level travel time spent in this place.
 C = Inter-level travel time spent in this place.
 D = Time resting spent in this place.
 E = Time spent auto-exploring this place.
 F = Levels seen in this place.
 G = Mean time per level.
                   A        B        C        D        E       F      G
               +--------+--------+--------+--------+--------+-----+--------+
         Total |   1267 |   1199 |     68 |    380 |    606 |   2 |  633.5 |
       Dungeon |   1267 |   1199 |     68 |    380 |    606 |   2 |  633.5 |
               +--------+--------+--------+--------+--------+-----+--------+

Top non-repeatable levels by time:
     D:1: 1254 daAuts
     D:2: 12 daAuts
